 Dungeon Crawl Stone Soup version 0.31-a0-276-ge00219d475 (webtiles) character file.

Game seed: 12456899232788657505

70 AIAndy the Changeling (level 4, 0/21 HPs)
             Began as a Troll Shapeshifter on July 15, 2023.
             Slain by a gnoll
             ... wielding a +0 spear
              (2 damage)
             ... on level 2 of the Dungeon.
             The game lasted 00:04:51 (1369 turns).

AIAndy the Changeling (Troll Shapeshifter)          Turns: 1369, Time: 00:04:51

Health: 0/21       AC:  2    Str: 25    XL:     4   Next: 3%
Magic:  12/12      EV:  9    Int:  4    God:
Gold:   140        SH:  0    Dex: 10    Spells: 3/3 levels left

rFire   . .          .
                       - Unarmed
rCold   . . .        (no shield)
rNeg    . . .        a - melded +0 animal skin
rPois   .            (helmet restricted)
rElec   .            (no cloak)
rCorr   +            (gloves unavailable)
SInv    .            (boots unavailable)
Will    .....        (no amulet)
Stlth   +            W - ring of magical power
HPRegen 1.03/turn    R - ring of resist corrosion
MPRegen 0.13/turn

%: no passive effects
@: maw-form
A: devouring maw, reduced hp, large, unfitting armour, claws 3, regeneration 1,
shaggy fur 1, tough skin 1
a: Begin Untransformation


You were on level 2 of the Dungeon.
You were a creature with a mouth for a stomach.
You visited 1 branch of the dungeon, and saw 2 of its levels.

You collected 140 gold pieces.


Innate Abilities, Weirdness & Mutations

You are a creature with a mouth for a stomach.
Your midsection houses a second, enormous mouth.
Your maximum health is decreased, since you lack skill for your form.
You are too large for most types of armour.
You have claws for hands.
Your natural rate of healing is unusually fast.
You are covered in fur. (AC +1)
You have tough skin. (AC +1)


   Skills:
 - Level 1.5 Fighting
 - Level 1.5 Dodging
 - Level 2.5 Unarmed Combat
 + Level 4.2 Shapeshifting


You had 3 spell levels left.
You didn't know any spells.
Your spell library contained the following spells:

 Spells                   Type           Power      Damage    Failure   Level
 Static Discharge         Conj/Air       0%         2-2/arc   65%         2
 Airstrike                Air            0%         2d(0-16)  99%         4
 Summon Lightning Spire   Summ/Air       0%         N/A       99%         4

Inventory:

Missiles
 m - 6 poisoned darts (quivered)
Armour
 a - a +0 animal skin (melded)
Magical Staves
 l - a staff of poison
Jewellery
 R - a ring of resist corrosion (right claw)
 W - a ring of magical power (left claw)
Talismans
 c - a beast talisman
 h - a maw talisman
Scrolls
 d - a scroll of teleportation {unknown}
 g - 3 scrolls of identify {unknown}
 i - a scroll of brand weapon {unknown}
 j - a scroll of blinking {unknown}
 k - a scroll of enchant weapon {unknown}
 n - a scroll of revelation {unknown}
Potions
 b - a potion of lignification {!q}
 e - a potion of curing {unknown}
 f - 2 potions of brilliance {unknown}

Dungeon Overview and Level Annotations

Branches:
Dungeon (2/15)

Altars:

#.######... #.
#.......... #.
#..#####... #◑ #).#
##.# #. #..######.#
#g #......##.. #g
####.#........
#g####.........###.
#)W......###.### #.
######.##.#.## #.
#.###.#######. #<#
#......... #.#
########## #.# #.#
#.##########
#..........#


You could see 3 gnolls.


Message History

You see here a +0 short sword.
There is a stone staircase leading up here. 4 gnolls come into view.
Found a blade talisman.
The gnoll shouts! x4
You scratch the gnoll. You bite the gnoll.
The gnoll is severely wounded.
You closely miss the gnoll. Your bite misses the gnoll.
The gnoll is severely wounded.
The gnoll closely misses you.
You scratch the gnoll.
The gnoll is almost dead.
The gnoll misses you. The gnoll hits you with a +0 flail!
Ouch! That really hurt!
* * * LOW HITPOINT WARNING * * *
You scratch the gnoll.
You devour the gnoll!
You feel better.
You kill the gnoll!
The gnoll hits you from afar with a +0 spear.
The gnoll barely misses you.
You have reached level 4!
You closely miss the gnoll. You bite the gnoll!
The gnoll is severely wounded.
The gnoll hits you from afar with a +0 spear!
* * * LOW HITPOINT WARNING * * *
The gnoll hits you with a +0 flail.
* * * LOW HITPOINT WARNING * * *
You barely miss the gnoll. Your bite misses the gnoll.
The gnoll is severely wounded.
The gnoll hits you from afar with a +0 spear.
You die...

Skill      XL: |  1  2  3 |
---------------+----------+-----
Shapeshifting  | 4 |  4.2
Fighting       | |  1.5
Dodging        | |  1.5
Unarmed Combat | |  2.5

Action                     |  1- 3 |  4- 6 || total
---------------------------+-------+-------++-------
  Melee: Unarmed           |    80 |     2 ||    82
         Maw               |     7 |     1 ||     8
   Stab: Sleeping          |     2 |       ||     2
 Armour: Animal skin       |    13 |       ||    13
         Skin              |     8 |       ||     8
  Dodge: Dodged            |    30 |       ||    30
   Form: Maw               |     1 |       ||     1

Levels and vault maps discovered:
D:1:      dpeg_arrival_boxes_within_box, layout_rooms, minivault_14,
          minmay_pentomino_o2
D:2:      layout_loops_ring, chequers_ecumenical_altar_lobes

Notes
Turn   | Place    | Note
-------+----------+-------------------------------------------
     0 | D:1      | AIAndy the Troll Shapeshifter began the quest for the Orb.
     0 | D:1      | Reached XP level 1. HP: 19/19 MP: 0/0
    88 | D:1      | Reached XP level 2. HP: 27/27 MP: 1/1
   544 | D:1      | Reached XP level 3. HP: 15/33 MP: 2/2
   958 | D:2      | Found a faded altar of an unknown god.
  1126 | D:2      | Reached skill level 4 in Shapeshifting
  1368 | D:2      | Reached XP level 4. HP: 13/41 MP: 3/3
  1368 | D:2      | HP: 1/21 [gnoll/+0 flail (5)]
  1369 | D:2      | Slain by a gnoll

Vanquished Creatures
  A gnoll (D:2)
  2 adders (D:2)
  A dart slug (D:1)
  5 bats
  4 endoplasms
  A giant cockroach (D:1)
  2 goblins
  5 hobgoblins
  2 jackals (D:1)
  A quokka (D:2)
  2 ball pythons
  5 frilled lizards (D:1)
  2 kobolds (D:1)
  4 rats
37 creatures vanquished.

Table legend: (Time is in decaauts)
 A = Elapsed time spent in this place.
 B = Non-inter-level travel time spent in this place.
 C = Inter-level travel time spent in this place.
 D = Time resting spent in this place.
 E = Time spent auto-exploring this place.
 F = Levels seen in this place.
 G = Mean time per level.
                   A        B        C        D        E       F      G
               +--------+--------+--------+--------+--------+-----+--------+
         Total |   1364 |   1330 |     34 |      0 |   1046 |   2 |  682.0 |
       Dungeon |   1364 |   1330 |     34 |      0 |   1046 |   2 |  682.0 |
               +--------+--------+--------+--------+--------+-----+--------+

Top non-repeatable levels by time:
     D:2: 733 daAuts
     D:1: 631 daAuts

Table legend:
 A = Non-vault XP
 B = Vault XP
 C = Vault XP percentage of total XP
 D = Non-vault monster count
 E = Vault monster count
 F = Vault count percentage of total count
                 A         B        C        D         E       F
            +---------+---------+-------+---------+---------+-------
      Total |      96 |       4 |   4.0 |      35 |       2 |   5.4
            +---------+---------+-------+---------+---------+-------
        D:1 |      38 |       4 |   9.5 |      23 |       2 |   8.0
        D:2 |      58 |       0 |   0.0 |      12 |       0 |   0.0
            +---------+---------+-------+---------+---------+-------
